 Dungeon Crawl Stone Soup version 0.22-a0-268-g1cc83ef (webtiles) character file.

640 nikopol the Magician (level 7, -5/36 HPs)
             Began as a Deep Elf Fire Elementalist on Mar 9, 2018.
             Slain by an ogre
             ... wielding a +0 giant spiked club
              (18 damage)
             ... on level 5 of the Dungeon.
             The game lasted 00:11:21 (3772 turns).

nikopol the Magician (Deep Elf Fire Elementalist)   Turns: 3772, Time: 00:11:21

Health: -5/36      AC:  3    Str:  5    XL:     7   Next: 26%
Magic:  11/18      EV: 14    Int: 22    God:
Gold:   197        SH:  0    Dex: 15    Spells: 9/19 levels left

rFire    . . .     SeeInvis .   (no weapon)
rCold    . . .     Gourm    .   (no shield)
rNeg     . . .     Faith    .   a - +0 robe
rPois    .         Spirit   .   o - +0 helmet
rElec    .         Reflect  .   (no cloak)
rCorr    .         Harm     .   (no gloves)
MR       .....                  (no boots)
Stlth    ++........             (no amulet)
HPRegen  0.12/turn              (no ring)
MPRegen  0.16/turn              (no ring)

@: no status effects
A: no striking features
a: no special abilities


You were on level 5 of the Dungeon.
You were not hungry.

You visited 1 branch of the dungeon, and saw 5 of its levels.

You collected 197 gold pieces.

Inventory:

Armour
 a - a +0 robe (worn)
 o - a +0 helmet (worn)
Wands
 r - a wand of paralysis (20)
Scrolls
 d - 2 scrolls of remove curse
 e - 3 scrolls of identify
 f - 7 scrolls of teleportation
 h - a scroll of blinking {unknown}
 l - a scroll of immolation {unknown}
 n - a scroll of magic mapping {unknown}
 p - a scroll of random uselessness {unknown}
Potions
 b - a potion of agility
 g - a potion of curing {unknown}
 i - a potion of berserk rage {unknown}
 j - a potion of degeneration {unknown}
 k - a potion of might {unknown}
 m - 2 potions of haste {unknown}
 q - a potion of ambrosia {unknown}
Comestibles
 c - 14 rations


   Skills:
 + Level 3.4 Dodging
 + Level 3.6 Stealth
 + Level 6.5 Spellcasting
 + Level 4.3 Conjurations
 + Level 5.6 Fire Magic


You had 9 spell levels left.
You knew the following spells:

 Your Spells              Type           Power        Failure   Level  Hunger
a - Flame Tongue          Conj/Fire      ####.        1%          1    None
b - Throw Flame           Conj/Fire      ####..       1%          2    None
c - Conjure Flame         Conj/Fire      ####....     3%          3    #......
d - Sticky Flame          Conj/Fire      ####....     11%         4    ###....


Dungeon Overview and Level Annotations

Branches:
Dungeon (5/15)
 Temple: D:4-7

Altars:
Qazlal


Message History

Confirm with . or Enter, or press ? or * to list all spells.
Aiming: Flame Tongue (safe; 1% risk of failure)
Press: ? - help, Shift-Dir - straight line, f - jackal, p - ogre
Aim: a jackal The flame tongue hits the jackal.
The jackal is moderately wounded.
The ogre burns!
The jackal misses you.
The ogre hits you with a giant spiked club!
The jackal barely misses you. The jackal bites you.
Casting: Flame Tongue (safe; 1% risk of failure)
Confirm with . or Enter, or press ? or * to list all spells.
Aiming: Throw Flame (safe; 1% risk of failure)
Press: ? - help, Shift-Dir - straight line, f - ogre, p - jackal
Aim: an ogre, wielding a giant spiked club (heavily wounded, covered in liquid flames)
The puff of flame hits the ogre.
The ogre is severely wounded.
The ogre burns!
The jackal misses you. x2
The ogre hits you with a giant spiked club!!
Ouch! That really hurt!
You die...

....#..#.#.. ..#
#########...#......#...#
........#...#..........#
#########.#...#.....%.....
..........#...##..(....#
##.....###...c........#
.......>..#....#.###..!...
........#O#..h.....#......
........#@#..#.###.# ...c.
#####.#.#hh†.....#.# .....
#.........####.# # ....
#.#.#.##### .# 5#+#
#.#.#.# # # .. .# ##


You could see an ogre (burning) and 2 jackals.

Vanquished Creatures
  A sky beast (D:5)
  3 ogres (D:4)
  A centaur skeleton (D:4)
  An iguana (D:5)
  3 worker ants
  A hound skeleton (D:4)
  6 adders
  2 oozes
  A worm (D:2)
  2 dart slugs
  2 leopard geckos
  3 orcs
  4 bats
  7 giant cockroaches
  12 goblins
  A hobgoblin (D:1)
  12 jackals
  3 quokkas (D:3)
  A ball python (D:1)
  6 frilled lizards
  4 kobolds
  12 rats
88 creatures vanquished.

Notes
Turn   | Place    | Note
-------+----------+-------------------------------------------
     0 | D:1      | nikopol the Deep Elf Fire Elementalist began the quest for the Orb.
     0 | D:1      | Reached XP level 1. HP: 10/10 MP: 6/6
   139 | D:1      | Reached XP level 2. HP: 15/15 MP: 0/8
   540 | D:1      | Learned a level 2 spell: Throw Flame
  1006 | D:2      | Reached XP level 3. HP: 19/19 MP: 7/10
  1380 | D:2      | Reached skill level 4 in Spellcasting
  1706 | D:2      | Reached XP level 4. HP: 24/24 MP: 10/12
  1886 | D:2      | Learned a level 3 spell: Conjure Flame
  1891 | D:2      | Learned a level 4 spell: Sticky Flame
  2143 | D:3      | Found a stormy altar of Qazlal.
  2641 | D:4      | Reached XP level 5. HP: 28/28 MP: 10/14
  2779 | D:4      | Reached skill level 5 in Spellcasting
  2926 | D:4      | Noticed an ogre
  2935 | D:4      | Killed an ogre
  2935 | D:4      | Reached XP level 6. HP: 32/32 MP: 5/16
  3239 | D:4      | Reached skill level 5 in Fire Magic
  3427 | D:4      | Reached skill level 6 in Spellcasting
  3427 | D:4      | Reached XP level 7. HP: 36/36 MP: 4/18
  3635 | D:5      | Entered Level 5 of the Dungeon
  3772 | D:5      | Slain by an ogre

Vault maps used:
D:1:      minmay_arrival_four_houses, minmay_tree_intersection
D:2:      first_ration
D:3:      old_standard_altar
D:4:      minmay_close_crescents
D:5:      old_standard_altar, lemuel_doored_altar

Skill      XL: |  1  2  3  4  5  6 |
---------------+-------------------+-----
Conjurations   | 2 3 4 |  4.3
Spellcasting   | 4 5 6 |  6.5
Dodging        | 3 |  3.4
Fire Magic     | 4 5 |  5.6
Stealth        | 3 |  3.6

Action                   |  1- 3 |  4- 6 |  7- 9 || total
-------------------------+-------+-------+-------++-------
Melee: Unarmed           |     1 |       |     1 ||     2
 Cast: Flame Tongue      |    79 |   100 |     8 ||   187
       Throw Flame       |       |     9 |     1 ||    10
       Conjure Flame     |       |     3 |       ||     3
       Sticky Flame      |       |     1 |     3 ||     4
  Use: Scroll            |       |     3 |       ||     3
  Eat: Chunk             |     1 |     6 |     2 ||     9
Armor: Robe              |     8 |     2 |       ||    10
Dodge: Dodged            |    29 |    20 |    13 ||    62

Table legend:
 A = Spawn XP
 B = Non-spawn XP
 C = Spawn XP percentage of total XP
 D = Spawn monster count
 E = Non-spawn monster count
 F = Spawn count percentage of total count
 G = Total turns spent on level
                    A         B        C        D         E        F      G
               +---------+---------+-------+---------+---------+-------+---------
         Total |       0 |     915 |   0.0 |       0 |      88 |   0.0 |  3772
               +---------+---------+-------+---------+---------+-------+---------
           D:1 |       0 |      40 |   0.0 |       0 |      25 |   0.0 |  1003
           D:2 |       0 |      61 |   0.0 |       0 |      14 |   0.0 |  1041
           D:3 |       0 |      84 |   0.0 |       0 |      27 |   0.0 |   592
           D:4 |       0 |     559 |   0.0 |       0 |      19 |   0.0 |   999
           D:5 |       0 |     171 |   0.0 |       0 |       3 |   0.0 |   137
               +---------+---------+-------+---------+---------+-------+---------
